 Dungeon Crawl Stone Soup version 0.30.0-13-g156ef70053 (webtiles) character file.

Game seed: 2920184991161048467

4603 Strat the Cleaver (level 10, -6/91 HPs)
             Began as a Minotaur Fighter on May 17, 2023.
             Mangled by a boulder beetle (17 damage)
             ... on level 8 of the Dungeon.
             The game lasted 00:16:33 (5994 turns).

Strat the Cleaver (Minotaur Fighter)                Turns: 5994, Time: 00:16:33

Health: -6/91      AC: 16    Str: 25    XL:     10   Next: 19%
Magic:  9/9        EV:  8    Int:  5    God:
Gold:   130        SH:  9    Dex: 10    Spells: 9/9 levels left

rFire   . . .        a - +0 war axe
rCold   + . .        y - +0 kite shield {rC+}
rNeg    . . .        w - +0 chain mail
rPois   .            (helmet restricted)
rElec   .            g - +0 cloak
rCorr   .            q - +0 pair of gloves
SInv    .            x - +1 pair of boots
Will    .....        m - amulet of the acrobat Stlth
                     B - ring of flight
HPRegen 0.35/turn    (no ring)
MPRegen 0.11/turn

%: acrobat
@: about to teleport, flying
A: horns 2, retaliatory headbutt
a: no special abilities


You were on level 8 of the Dungeon.
You visited 2 branches of the dungeon, and saw 9 of its levels.

You collected 367 gold pieces.
You spent 237 gold pieces at shops.

Inventory:

Hand Weapons
 a - a +0 war axe (weapon)
 b - a +2 flail of draining
 d - a +2 whip of electrocution
 r - the +4 hammer "Aceapom" {venom, rPois Will+ Int+2 Stlth+}
   (You found it on level 6 of the Dungeon)

   Int:       It affects your intelligence (+2).
   rPois:     It protects you from poison.
   Will:      It increases your willpower.
   Stlth:     It makes you more stealthy.
Missiles
 s - 8 curare-tipped darts (quivered)
Armour
 g - a +0 cloak (worn)
 q - a +0 pair of gloves (worn)
 w - a +0 chain mail (worn)
 x - a +1 pair of boots (worn)
 y - a +0 kite shield of cold resistance (worn)
Jewellery
 m - an amulet of the acrobat (around neck)
 A - a +6 ring of intelligence
 B - a ring of flight (left hand)
Scrolls
 c - a scroll of fear
 e - 4 scrolls of identify
 h - a scroll of enchant armour
 j - a scroll of blinking
 u - 2 scrolls of fog
Potions
 f - 3 potions of attraction
 i - a potion of lignification
 l - 5 potions of curing
 n - 2 potions of flight
 o - a potion of degeneration
 p - 2 potions of heal wounds
 t - a potion of magic
 v - a potion of ambrosia
 z - a potion of haste {unknown}


   Skills:
 + Level 9.3 Fighting
 + Level 11.6 Axes
 + Level 9.3 Armour
 + Level 7.7 Shields


You had 9 spell levels left.
You didn't know any spells.
Your spell library contained the following spells:

 Spells                   Type           Power      Damage    Failure   Level
 Sandblast                Erth           0%         2d4       99%         1
 Passwall                 Tmut/Erth      0%         N/A       99%         2
 Sublimation of Blood     Necr           0%         N/A       99%         2
 Wereblood                Tmut           0%         N/A       99%         2
 Dazzling Flash           Conj/Hex       0%         N/A       100%        3
 Stone Arrow              Conj/Erth      0%         3d7       100%        3
 Volatile Blastmotes      Fire/Tloc      0%         2d10      100%        3
 Iskenderun's Mystic Bla  Conj/Tloc      0%         2d3       100%        4
 Starburst                Conj/Fire      0%         6d3       100%        6
 Summon Hydra             Summ           0%         N/A       100%        7


Dungeon Overview and Level Annotations

Branches:
Dungeon (8/15)             Temple (1/1) D:7
   Lair: D:8-11

Altars:
Ashenzari
Cheibriados
Dithmenos
Gozag
Hepliaklqana
Makhleb
Nemelex Xobeh
Qazlal
Ru
Sif Muna
Trog
Uskayaw
Vehumet
Yredelemnul
Zin
The Shining One

Shops:
D:2 !   D:5 [   D:6 !!


Innate Abilities, Weirdness & Mutations

You have a pair of horns on your head.
You reflexively headbutt those who attack you in melee.


Message History

Found 4 gold pieces.
Found a viscous blue potion.
You now have 130 gold pieces (gained 4).
z - a viscous blue potion
Okay, then.
Found a hand axe.
Found a rapier.
Found an escape hatch in the ceiling.
A bullfrog comes into view.
The bullfrog croaks.
You slash the bullfrog! You headbutt the bullfrog.
You kill the bullfrog!
You see here a bullfrog corpse.
You reach down and open the door.
There is an open door here.
A vampire mosquito, a boulder beetle and a green ugly thing come into view.
Found a chain mail.
The vampire mosquito buzzes angrily.
The green ugly thing gurgles horribly!
You hit the boulder beetle.
The boulder beetle is lightly wounded.
The boulder beetle bites you.
* * * LOW HITPOINT WARNING * * *
As you read the scroll of teleportation, it crumbles to dust.
You feel strangely unstable.
The boulder beetle bites you but does no damage.
The boulder beetle attacks as you move away!
The boulder beetle bites you but does no damage.
Your surroundings seem slightly different.
The boulder beetle bites you!!
* * * LOW HITPOINT WARNING * * *
The boulder beetle attacks as you move away!
You block the boulder beetle's attack.
The boulder beetle curls into a ball and begins rolling!
As you read the scroll of teleportation, it crumbles to dust.
You feel strangely unstable. The boulder beetle hits you!
* * * LOW HITPOINT WARNING * * *
The boulder beetle stops rolling and uncurls.
The boulder beetle attacks as you move away!
The boulder beetle bites you!
You die...

###.....#...#####################
#...........# #... ..# #
#...........##...####.# #
............#..###....# #
#...#.......#.##......# #
##..#.......'.#[......+ #
.#.###......#.##......# #
....#.......#..###....# #
....#.......##..@####.# #
......#.....###..Bu.y.# #
.....##.....# ######### #
.....#......# # ...####.....# #
...#.##...#.# # ............# #
...##.##..#.# # ...#..##....# #


You could see a boulder beetle, a green ugly thing and a vampire mosquito.

Vanquished Creatures
  Pikel (D:4)
  Psyche (D:8)
  A steam dragon (D:7)
  5 yaks (D:8)
  Menkaure (D:4)
  A water moccasin (D:6)
  2 orc warriors
  A black bear (D:6)
  3 sky beasts
  2 ogres (D:6)
  A centaur (D:5)
  2 bullfrogs
  3 kobold brigands
  2 scorpions
  6 wights
  8 killer bees (D:7)
  5 howler monkeys
  A jelly (D:5)
  3 hounds (D:6)
  Crazy Yiuf (D:6)
  2 iguanas
  Terence (D:2)
  2 sleepcaps
  2 orc wizards
  13 gnolls (D:4)
  6 adders
  2 shadow imps
  A white imp (D:4)
  4 worms
  3 dart slugs
  23 orcs
  5 ball pythons
  4 endoplasms
  7 giant cockroaches
  8 hobgoblins
  4 quokkas
  9 bats
  2 frilled lizards
  6 goblins
  58 kobolds
  4 rats (D:1)
216 creatures vanquished.

Vanquished Creatures (others)
  An orc (D:6)
1 creature vanquished.

Grand Total: 217 creatures vanquished

Notes
Turn   | Place    | Note
-------+----------+-------------------------------------------
     0 | D:1      | Strat the Minotaur Fighter began the quest for the Orb.
     0 | D:1      | Reached XP level 1. HP: 19/19 MP: 0/0
    75 | D:1      | Reached skill level 3 in Axes
    95 | D:1      | Reached XP level 2. HP: 23/26 MP: 1/1
   406 | D:1      | Reached skill level 4 in Axes
   592 | D:2      | Found a snail-covered altar of Cheibriados.
   605 | D:2      | Reached XP level 3. HP: 31/31 MP: 2/2
   682 | D:2      | Found Yloaw's Distillery.
   694 | D:2      | Bought 2 potions of curing for 72 gold pieces
   725 | D:2      | Noticed Terence
   735 | D:2      | Killed Terence
   736 | D:2      | Reached skill level 5 in Axes
   820 | D:2      | Reached XP level 4. HP: 39/39 MP: 3/3
  1342 | D:3      | Reached skill level 6 in Axes
  1825 | D:4      | Reached XP level 5. HP: 45/45 MP: 4/4
  2142 | D:4      | Reached skill level 7 in Axes
  2169 | D:4      | Noticed Menkaure
  2172 | D:4      | Killed Menkaure
  2173 | D:4      | Reached skill level 8 in Axes
  2173 | D:4      | Reached XP level 6. HP: 52/52 MP: 5/5
  2423 | D:4      | Reached XP level 7. HP: 31/60 MP: 6/6
  2504 | D:4      | Noticed Pikel
  2522 | D:4      | Killed Pikel
  2523 | D:4      | Reached skill level 5 in Fighting
  2523 | D:4      | Reached skill level 9 in Axes
  2523 | D:4      | Reached skill level 5 in Armour
  2523 | D:4      | Reached XP level 8. HP: 27/70 MP: 7/7
  2696 | D:5      | Entered Level 5 of the Dungeon
  2977 | D:5      | Found a radiant altar of Vehumet.
  3244 | D:5      | Found Currin's Antique Armour Boutique.
  3252 | D:5      | Bought a shiny kite shield for 165 gold pieces
  3286 | D:5      | Found a shadowy altar of Dithmenos.
  3861 | D:6      | Found Tezunn Yzox's Distillery.
  3861 | D:6      | Found Durul's Distillery.
  4029 | D:6      | Reached skill level 10 in Axes
  4071 | D:6      | Reached skill level 5 in Shields
  4364 | D:6      | Reached XP level 9. HP: 79/79 MP: 8/8
  4663 | D:6      | Found a runed translucent door.
  4664 | D:6      | Noticed Crazy Yiuf
  4670 | D:6      | Killed Crazy Yiuf
  4674 | D:6      | Identified the +4 hammer "Aceapom" {venom, rPois Will+
                  | Int+2 Stlth+}
  4992 | D:7      | Found a basalt altar of Yredelemnul.
  5040 | D:7      | Found a staircase to the Ecumenical Temple.
  5045 | Temple   | Entered the Ecumenical Temple
  5192 | D:7      | Found a shimmering blue altar of Sif Muna.
  5362 | D:7      | Reached skill level 11 in Axes
  5720 | D:8      | Noticed Psyche
  5759 | D:8      | Killed Psyche
  5863 | D:8      | Reached XP level 10. HP: 36/91 MP: 9/9
  5984 | D:8      | Noticed a boulder beetle
  5984 | D:8      | Noticed a green ugly thing
  5994 | D:8      | Mangled by a boulder beetle

Illustrated notes

Levels and vault maps discovered:
D:1:      spicycebolla_arrival_clurvy, layout_loops_cross
D:2:      layout_loops_ring, basic_altar, serial_shops,
          nicolae_shop_advertising_works [nicolae_subvault_shop_adworks],
          hangedman_glass_teeth, uniq_terence
D:3:      layout_basic, kennysheep_boxes
D:4:      minmay_goblin_kobold_castle, layout_rooms, grunt_decor_mini_mirrors,
          minmay_misc_feat_x, uniq_menkaure, uniq_pikel
D:5:      layout_layer_cave, general_overflow_altar,
          grunt_dithmenos_smoke_and_mirrors, serial_shops, shop
D:6:      layout_basic, nicolae_shop_distant_corner_stores, minmay_diced_spiral,
          uniq_crazy_yiuf_cottage
D:7:      layout_loops_ring, kennysheep_little_box, led_sif_book,
          temple_doors_e, nrook_loot_triangle, mrwooster_statue_mirror
D:8:      layout_cave_pools, minmay_the_grid_2x2 [minmay_the_grid_large_cup,
          minmay_the_grid_fan, minmay_the_grid_broken_lines,
          minmay_the_grid_prize_trominoes], uniq_psyche
Temple:   nicolae_temple_godzebo

Skill      XL: |  1  2  3  4  5  6  7  8  9 |
---------------+----------------------------+-----
Axes           | 3 4 5 6 8 9 10 11 | 11.6
Fighting       | 4 5 7 9 |  9.3
Armour         | 4 5 7 9 |  9.3
Shields        | 5 7 |  7.7

Action                     |  1- 3 |  4- 6 |  7- 9 | 10-12 || total
---------------------------+-------+-------+-------+-------++-------
  Melee: War axe           |    69 |   152 |   315 |    29 ||   565
         Headbutt          |     8 |    25 |    48 |     8 ||    89
    Use: Potion            |       |       |     2 |       ||     2
         Scroll            |       |       |    17 |     2 ||    19
 Armour: Scale mail        |    42 |    24 |       |       ||    66
         Chain mail        |       |    59 |   170 |     4 ||   233
         Skin              |       |       |    18 |       ||    18
  Dodge: Dodged            |    29 |    60 |   146 |     5 ||   240
  Block: Buckler           |    19 |    27 |    16 |       ||    62
         Kite shield       |       |       |   116 |     9 ||   125
